 Dungeon Crawl Stone Soup version 0.29.1-2-gbd0b4ee654 (webtiles) character file.

Game seed: 186360773037041596

2900 Nerdsrcool the Covert (level 9, -6/62 HPs)
             Began as an Octopode Brigand on Oct 31, 2022.
             Was a Follower of Okawaru.
             Mangled by a two-headed ogre
             ... wielding a +0 giant club
              (16 damage)
             ... on level 7 of the Dungeon.
             The game lasted 00:45:43 (7703 turns).

Nerdsrcool the Covert (Octopode Brigand)            Turns: 7703, Time: 00:45:45

Health: -6/62      AC:  8    Str: 11    XL:     9   Next: 77%
Magic:  9/9        EV: 16    Int: 13    God:    Okawaru [*.....]
Gold:   399        SH:  0    Dex: 17    Spells: 7/8 levels left

rFire   . . .      SeeInvis .   m - +2 short sword (protect)
rCold   . . .      Faith    .   (no shield)
rNeg    . . .      Spirit   .   (helmet restricted)
rPois   .          Reflect  .   (no amulet)
rElec   .          Harm     .   (no ring)
rCorr   .          Rampage  .   (no ring)
Will    .....                   (no ring)
Stlth   +++.......              (no ring)
HPRegen 0.20/turn               (no ring)
MPRegen 0.11/turn               (no ring)
                                (no ring)
                                (no ring)

@: confused, ambrosia-drunk, under a protective aura
A: almost no armour, amphibious, 8 rings, camouflage 1, gelatinous body 1,
(nimble swimmer 1), tentacles
a: Renounce Religion, Heroism


You were on level 7 of the Dungeon.
You worshipped Okawaru.
Okawaru was aware of your devotion.
You visited 2 branches of the dungeon, and saw 8 of its levels.

You collected 399 gold pieces.

Inventory:

Hand Weapons
 a - a +2 dagger
 b - a +1 vampiric dagger
 k - a +0 dagger of flaming
 m - a +2 short sword of protection (weapon)
 q - a +0 shortbow
 t - a +2 vorpal dire flail
 B - a +5 flail of holy wrath
 E - a +1 whip of freezing
 F - a +2 falchion
 J - a +3 falchion
Missiles
 c - 4 curare-tipped darts (quivered)
 N - 5 poisoned darts
Jewellery
 G - an amulet of faith
Wands
 w - a wand of paralysis (17)
 y - a wand of light (17)
 L - a wand of roots (10)
 M - a wand of flame (16)
Scrolls
 g - 3 scrolls of fear
 h - a scroll of fog {unknown}
 i - 2 scrolls of amnesia
 n - a scroll of noise {unknown}
 o - 4 scrolls of teleportation
 p - a scroll of blinking
 s - a scroll of enchant weapon {unknown}
 u - a scroll of poison {unknown}
 x - 2 scrolls of enchant armour
 z - 2 scrolls of magic mapping {unknown}
 H - a scroll of immolation
 K - a scroll of summoning {unknown}
Potions
 e - 3 potions of curing
 f - a potion of attraction {unknown}
 j - 3 potions of brilliance
 l - a potion of cancellation {unknown}
 r - a potion of flight {unknown}
 v - 2 potions of mutation {unknown}
 A - a potion of magic {unknown}
 C - 2 potions of berserk rage {unknown}
 D - a potion of heal wounds {unknown}
 I - a potion of invisibility {unknown}


   Skills:
 + Level 6.2 Fighting
 + Level 6.1 Short Blades
 + Level 6.2 Throwing
 + Level 5.9 Dodging
 + Level 10.0 Stealth


You had 7 spell levels left.
You knew the following spells:

 Your Spells              Type           Power      Damage    Failure   Level
a - Foxfire               Conj/Fire      0%         2x1d4     30%         1

Your spell library contained the following spells:

 Spells                   Type           Power      Damage    Failure   Level
 Necrotise                Necr           0%         1d4       30%         1
 Conjure Flame            Conj/Fire      0%         6-21      67%         3
 Inner Flame              Hex/Fire       0%         N/A       67%         3
 Vampiric Draining        Necr           0%         2d6       67%         3
 Flame Wave               Conj/Fire      0%         2d4       97%         4
 Agony                    Necr           0%         N/A       100%        5


Dungeon Overview and Level Annotations

Branches:
Dungeon (7/15)             Temple (1/1) D:5

Altars:
Ashenzari
Cheibriados
Dithmenos
Elyvilon
Fedhas
Gozag
Hepliaklqana
Kikubaaqudgha
Makhleb
Okawaru
Qazlal
Ru
Sif Muna
Trog
Uskayaw
Vehumet
Wu Jian
Xom
Yredelemnul
Zin
The Shining One


Innate Abilities, Weirdness & Mutations

You cannot wear most types of armour.
You are amphibious.
You can wear up to eight rings at the same time.
Your skin changes colour to match your surroundings (Stealth+).
Your rubbery body absorbs attacks. (AC +1, EV +1)
((You are camouflaged when in or above water. (Stealth+)))
You have tentacles for arms and can constrict up to eight enemies at once.


Message History

The phantom closely misses you.
You hit the phantom but do no damage.
Your weapon exudes an aura of protection.
The phantom barely misses you.
You hit the phantom.
The phantom is lightly damaged.
The phantom hits you but does no damage.
The phantom attacks as you move away! The phantom hits you.
The two-headed ogre attacks as you move away!
The two-headed ogre closely misses you.
The two-headed ogre hits you with a +0 giant club!
Aiming: Paralyse
Press: ? - help, Q - select action, (/) - cycle Shift-Dir - straight line, f - two-headed ogre, p - phantom
Aim: a two-headed ogre, wielding two +0 giant clubs (chance to affect: 31%)
The phantom suddenly stops moving!
Aiming: Paralyse
Press: ? - help, Q - select action, (/) - cycle Shift-Dir - straight line, f/p - two-headed ogre
Aim: a two-headed ogre, wielding two +0 giant clubs (chance to affect: 31%)
The two-headed ogre easily resists.
The two-headed ogre hits you with a +0 giant club!
The two-headed ogre completely misses you.
You hit the two-headed ogre.
Your weapon exudes an aura of protection.
You tentacle-slap the two-headed ogre, but do no damage.
The two-headed ogre is lightly wounded.
The two-headed ogre barely misses you.
The two-headed ogre hits you with a +0 giant club!
You are confused.
You feel invigorated.
You hit the two-headed ogre. You squeeze the two-headed ogre.
The two-headed ogre is lightly wounded.
The two-headed ogre closely misses you. The two-headed ogre barely misses you.
You're too confused to move!
The two-headed ogre closely misses you.
The two-headed ogre hits you with a +0 giant club!
The two-headed ogre attacks as you move away!
The two-headed ogre hits you with a +0 giant club!!
* * * LOW HITPOINT WARNING * * *
The two-headed ogre hits you with a +0 giant club!
You die...

#............#.....
#...........)#.....
#...........#.....
#.................
##..W.....>........
#..............>...
#........####......
#.......#####.....#
#.@O..............#
#.................#
#.................#
#.................#
#......†..........#
#.................#
#.................#
#...............#.#
#..........).))...#


You could see a two-headed ogre and a phantom (paralysed).

Vanquished Creatures
  Pikel (D:4)
  A wyvern (D:5)
  Edmund (D:4)
  2 water moccasins
  An orc warrior (D:7)
  An ice beast (D:7)
  A black bear (D:6)
  A centaur (D:6)
  An ogre (D:5)
  2 phantoms
  A bullfrog (D:7)
  3 scorpions
  7 wights (D:6)
  2 howler monkeys (D:7)
  A jelly (D:6)
  A gnoll bouda (D:7)
  5 hounds
  3 orc priests (D:5)
  2 orc wizards (D:7)
  7 iguanas
  5 gnolls (D:7)
  9 adders
  An ufetubus (D:4)
  A worm (D:2)
  2 dart slugs
  12 orcs
  5 ball pythons
  5 bats
  4 endoplasms
  2 giant cockroaches (D:3)
  4 goblins
  3 hobgoblins
  8 jackals
  5 kobolds
  3 quokkas
  2 frilled lizards (D:2)
  2 rats (D:1)
117 creatures vanquished.

Vanquished Creatures (others)
  8 foxfires (D:7)
  6 plants (D:5)
14 creatures vanquished.

Grand Total: 131 creatures vanquished

Notes
Turn   | Place    | Note
-------+----------+-------------------------------------------
     0 | D:1      | Nerdsrcool the Octopode Brigand began the quest for the
                  | Orb.
     0 | D:1      | Reached XP level 1. HP: 14/14 MP: 1/1
   149 | D:1      | Reached XP level 2. HP: 18/19 MP: 2/2
   607 | D:1      | Found a faded altar of an unknown god.
   857 | D:2      | Reached XP level 3. HP: 21/24 MP: 3/3
  1636 | D:3      | Reached XP level 4. HP: 25/30 MP: 4/4
  2080 | D:3      | Reached skill level 6 in Stealth
  2352 | D:4      | Reached XP level 5. HP: 36/36 MP: 5/5
  2420 | D:4      | Noticed Edmund
  2428 | D:4      | Killed Edmund
  2429 | D:4      | Reached XP level 6. HP: 33/42 MP: 6/6
  2781 | D:4      | Noticed Pikel
  2795 | D:4      | Killed Pikel
  2796 | D:4      | Reached skill level 7 in Stealth
  2796 | D:4      | Reached XP level 7. HP: 21/48 MP: 7/7
  3132 | D:5      | Entered Level 5 of the Dungeon
  3357 | D:5      | Reached XP level 8. HP: 47/54 MP: 8/8
  3772 | D:5      | Noticed a wyvern
  3775 | D:5      | Reached skill level 8 in Stealth
  3777 | D:5      | Killed a wyvern
  3853 | D:5      | Found a staircase to the Ecumenical Temple.
  3864 | Temple   | Entered the Ecumenical Temple
  3953 | Temple   | Became a worshipper of Warmaster Okawaru
  4707 | D:6      | Reached skill level 5 in Fighting
  4707 | D:6      | Reached skill level 5 in Throwing
  4736 | D:6      | Reached skill level 5 in Short Blades
  4960 | D:6      | Reached XP level 9. HP: 40/60 MP: 9/9
  4969 | D:6      | Reached * piety under Okawaru
  4970 | D:6      | Reached skill level 5 in Dodging
  4970 | D:6      | Reached skill level 9 in Stealth
  5634 | D:6      | Found a blossoming altar of Fedhas.
  5636 | D:6      | Found a radiant altar of Vehumet.
  5639 | D:6      | Found a hide-covered altar of Uskayaw.
  5643 | D:6      | Found a bloodstained altar of Trog.
  5644 | D:6      | Found a sacrificial altar of Ru.
  5647 | D:6      | Found an opulent altar of Gozag.
  5647 | D:6      | Found a broken altar of Ashenzari.
  5651 | D:6      | Found a stormy altar of Qazlal.
  5657 | D:6      | Found a white marble altar of Elyvilon.
  5660 | D:6      | Found a hazy altar of Hepliaklqana.
  5665 | D:6      | Found an ornate altar of the Wu Jian Council.
  6514 | D:6      | Learned a level 1 spell: Foxfire
  7569 | D:7      | Reached skill level 10 in Stealth
  7684 | D:7      | Noticed a two-headed ogre
  7703 | D:7      | Mangled by a two-headed ogre

Illustrated notes

Levels and vault maps discovered:
D:1:      scummos_arrival_forest, layout_basic,
          hellmonk_ecumenical_altar_crossroads
D:2:      layout_basic, minmay_misc_feat_tiny, minmay_misc_feat_five
D:3:      layout_basic, minmay_misc_feat_roman
D:4:      layout_loops_cross, uniq_pikel, uniq_edmund
D:5:      layout_layer_cave, minmay_temple_entry_gardened_gates
D:6:      black_bear_nest_2, layout_loops_cross,
          nicolae_overflow_hallway_of_the_gods
D:7:      lemuel_ice_spiral_2, layout_basic
Temple:   hellmonk_temple_beads

Skill      XL: |  1  2  3  4  5  6  7  8  9 |
---------------+----------------------------+-----
Dodging        | 2 3 4 5 |  5.9
Stealth        | 6 7 8 10 | 10.0
Fighting       | 3 4 5 6 |  6.2
Short Blades   | 3 4 5 6 |  6.1
Throwing       | 3 4 5 6 |  6.2

Action                   |  1- 3 |  4- 6 |  7- 9 || total
-------------------------+-------+-------+-------++-------
Melee: Dagger            |    19 |       |       ||    19
       Constrict         |    12 |    16 |    36 ||    64
       Tentacles         |     4 |    13 |    56 ||    73
       Short sword       |    25 |    56 |   199 ||   280
       Flail             |       |     8 |       ||     8
       Punch             |       |       |     6 ||     6
Throw: Dart              |    73 |    21 |    70 ||   164
       Javelin           |       |       |    30 ||    30
 Cast: Foxfire           |       |       |     4 ||     4
Invok: Heroism           |       |       |     1 ||     1
Evoke: Wand              |       |     1 |     5 ||     6
  Use: Scroll            |       |     3 |     7 ||    10
       Potion            |       |       |     2 ||     2
 Stab: Sleeping          |     2 |     7 |       ||     9
       Invisible         |       |     1 |       ||     1
Armor: Skin              |     3 |    15 |    44 ||    62
Dodge: Dodged            |    26 |    47 |   119 ||   192
